 Dungeon Crawl Stone Soup version 0.31-a0-590-g8a5a4361df (webtiles) character file.

Game seed: 13494198698433275746

44 Irenicus the Scratcher (level 3, 0/10 HPs)
             Began as a Felid Shapeshifter on Aug 19, 2023.
             Slain by Terence
             ... wielding a +0 falchion
              (6 damage)
             ... on level 2 of the Dungeon.
             The game lasted 00:08:02 (887 turns).

Irenicus the Scratcher (Felid Shapeshifter)          Turns: 887, Time: 00:08:03

Health: 0/10       AC:  1    Str: 11    XL:     3   Next: 39%
Magic:  4/4        EV: 18    Int:  9    God:
Gold:   11         SH:  0    Dex: 18    Spells: 2/2 levels left
                                        Lives:  0   Deaths: 0

rFire   . .          .
                       - Unarmed
rCold   . . .        (shield unavailable)
rNeg    . . .        (body armour unavailable)
rPois   .            (helmet unavailable)
rElec   .            (cloak unavailable)
rCorr   .            (gloves unavailable)
SInv    +            (boots unavailable)
Will    +....        (no amulet)
Stlth   +            (no ring)
HPRegen 0.21/turn    (no ring)
MPRegen 0.09/turn

%: no passive effects
@: flux-form, enlightened, flying, glowing, quick
A: glow, contaminating, reduced hp, very small, claws 1, fangs 3, see invisible,
speed 1, shaggy fur 1, stealthy paws, no weapons or thrown items, no armour,
multi-lived
a: Begin Untransformation


You were on level 2 of the Dungeon.
You were something dangerously unstable.
You visited 1 branch of the dungeon, and saw 2 of its levels.

You collected 11 gold pieces.


Innate Abilities, Weirdness & Mutations

You are something dangerously unstable.
You glow with magical radiation, making you easy to see and hit.
Foes you strike become dangerously contaminated with magical radiation.
Your maximum health is decreased, since you lack skill for your form.
You have sharp claws.
You have razor-sharp teeth.
You have supernaturally acute eyesight. (SInv)
You cover ground quickly. (Speed+)
You are covered in fur. (AC +1)
Your paws help you pounce on unaware monsters.
You are incapable of wielding weapons or throwing items.
You cannot wear armour.
You gain extra lives every three experience levels.


   Skills:
 - Level 1.0 Fighting
 - Level 3.0 Dodging
 - Level 3.0 Stealth
 + Level 3.7 Unarmed Combat
 - Level 3.2 Shapeshifting


You had 2 spell levels left.
You didn't know any spells.
Your spell library contained the following spells:

 Spells                   Type           Power      Damage    Failure   Level
 Sting                    Tmut/Pois      0%         1d3       38%         1
 Poisonous Vapours        Pois/Air       0%         N/A       52%         2
 Olgreb's Toxic Radiance  Pois           0%         N/A       99%         4

Inventory:

Talismans
 b - a beast talisman
 c - a flux talisman (active)
Scrolls
 d - 3 scrolls of identify {unknown}
 f - a scroll of amnesia {unknown}
 h - a scroll of revelation {unknown}
 i - a scroll of noise {unknown}
Potions
 a - a potion of lignification
 e - a potion of enlightenment
 g - a potion of heal wounds {unknown}

Dungeon Overview and Level Annotations

Branches:
Dungeon (2/15)

Altars:

Annotations:
D:2 Terence

#.........#....#
####.▒▒▒▒▒.#.#.####
#....▒8 ▒.....#
#.8▒▒▒...▒▒▒8..#
#..'...⚑...'...#
#.8▒▒▒...▒▒▒8..# #
#....▒8 8▒.....# .#
##...▒▒▒▒▒.#.#.# .#
##........#B#.# .#
#....#####@#.#
####.# #.#.########
##########.#
#...........
...........#
#.#.........
############
#.########## ###


You could see Terence (contam).


Message History

A hobgoblin comes into view.
The hobgoblin shouts!
You open the door. You scratch the hobgoblin.
The hobgoblin is heavily wounded.
The hobgoblin closely misses you.
You claw the hobgoblin!
You kill the hobgoblin!
Terence shouts!
Terence is nearby!
Your transformation has ended.
You turn into something dangerously unstable.
HP restored.
Terence says, "Don't bother to defend, it's senseless."
Terence misses you.
You completely miss Terence. You bite Terence, but do no damage.
Terence closely misses you.
You closely miss Terence. Terence barely misses you.
You barely miss Terence. Terence hits you with a +0 falchion.
Ouch! That really hurt!
* * * LOW HITPOINT WARNING * * *
Okay, then.
Okay, then.
It was a potion of enlightenment.
You feel very buoyant.
You fly up into the air.
You scratch Terence but do no damage.
Terence begins to glow.
Terence hits you with a +0 falchion.
Ouch! That really hurt!
You die...

Skill      XL: |  1  2  3 |
---------------+----------+-----
Dodging        | 3 |  3.0
Stealth        | 1 2 3 |  3.0
Fighting       | |  1.0
Unarmed Combat | |  3.7
Shapeshifting  | |  3.2

Action                     || total
---------------------------++-------
  Melee: Unarmed           ||    94
         Bite              ||     8
    Use: Potion            ||     1
   Stab: Sleeping          ||     8
 Armour: Skin              ||     9
  Dodge: Dodged            ||    49
         Form:             ||     1
         Beast             ||     1
         Flux              ||     1

Levels and vault maps discovered:
D:1:      eino_arrival_cavern_b, layout_basic, interstate_on_off
D:2:      layout_basic, dreamdust_ecumenical_altar_angels_and_demons,
          uniq_terence

Notes
Turn   | Place    | Note
-------+----------+-------------------------------------------
     0 | D:1      | Irenicus the Felid Shapeshifter began the quest for the
                  | Orb.
     0 | D:1      | Reached XP level 1. HP: 9/9 MP: 2/2
   110 | D:1      | Reached skill level 3 in Dodging
   261 | D:1      | Reached skill level 1 in Stealth
   261 | D:1      | Reached XP level 2. HP: 12/12 MP: 3/3
   520 | D:1      | Reached skill level 2 in Stealth
   607 | D:2      | Reached XP level 3. HP: 8/15 MP: 4/4
   615 | D:2      | Noticed Terence
   764 | D:2      | Reached skill level 3 in Stealth
   816 | D:2      | Found a faded altar of an unknown god.
   887 | D:2      | Slain by Terence

Vanquished Creatures
  3 endoplasms
  2 giant cockroaches (D:1)
  3 goblins
  4 hobgoblins
  6 jackals
  2 kobolds (D:1)
  3 quokkas (D:2)
  3 ball pythons (D:1)
  2 bats
  3 frilled lizards
  9 rats
40 creatures vanquished.

Table legend: (Time is in decaauts)
 A = Elapsed time spent in this place.
 B = Non-inter-level travel time spent in this place.
 C = Inter-level travel time spent in this place.
 D = Time resting spent in this place.
 E = Time spent auto-exploring this place.
 F = Levels seen in this place.
 G = Mean time per level.
                   A        B        C        D        E       F      G
               +--------+--------+--------+--------+--------+-----+--------+
         Total |    730 |    719 |     11 |      0 |      0 |   2 |  365.0 |
       Dungeon |    730 |    719 |     11 |      0 |      0 |   2 |  365.0 |
               +--------+--------+--------+--------+--------+-----+--------+

Top non-repeatable levels by time:
     D:1: 474 daAuts
     D:2: 256 daAuts

Table legend:
 A = Non-vault XP
 B = Vault XP
 C = Vault XP percentage of total XP
 D = Non-vault monster count
 E = Vault monster count
 F = Vault count percentage of total count
                 A         B        C        D         E       F
            +---------+---------+-------+---------+---------+-------
      Total |      63 |       0 |   0.0 |      40 |       0 |   0.0
            +---------+---------+-------+---------+---------+-------
        D:1 |      34 |       0 |   0.0 |      23 |       0 |   0.0
        D:2 |      29 |       0 |   0.0 |      17 |       0 |   0.0
            +---------+---------+-------+---------+---------+-------
